 Dungeon Crawl Stone Soup version 0.31-a0-152-g6aa68a64a1 (webtiles) character file.

Game seed: 13368897222676889262

260 qw the Shooter (level 6, 0/57 HPs)
             Began as a Naga Hunter on June 10, 2023.
             Slain by a goblin
             ... wielding a +0 dagger
             ... led by Robin
              (3 damage)
             ... on level 4 of the Dungeon.
             The game lasted 00:00:54 (2418 turns).

qw the Shooter (Naga Hunter)                        Turns: 2418, Time: 00:00:54

Health: 0/57       AC:  3    Str: 13    XL:     6   Next: 17%
Magic:  6/6        EV: 10    Int: 10    God:
Gold:   168        SH:  0    Dex: 16    Spells: 5/5 levels left

rFire   + . .        Y - +0 orcbow
rCold   . . .        (shield currently unavailable)
rNeg    . . .        g - +0 robe {rF+}
rPois   +            (no helmet)
rElec   .            (no cloak)
rCorr   .            (no gloves)
SInv    +            (no barding)
Will    .....        (no amulet)
Stlth   ++           (no ring)
HPRegen 0.29/turn    (no ring)
MPRegen 0.10/turn

%: no passive effects
@: short of breath, very slow
A: AC +2, large, see invisible, deformed body, poison resistance, slowness 2,
spit poison 1, naga tail 1
a: Spit Poison


You were on level 4 of the Dungeon.
You visited 1 branch of the dungeon, and saw 4 of its levels.

You collected 255 gold pieces.
You spent 87 gold pieces at shops.


Innate Abilities, Weirdness & Mutations

Your serpentine skin is tough. (AC +2)
You have supernaturally acute eyesight. (SInv)
Armour fits poorly on your strangely shaped body.
Your system is resistant to poisons. (rPois)
You cover ground very slowly.
You can spit poison.
You have a snake-like lower body.


   Skills:
 - Level 4.0 Fighting
 + Level 5.7 Ranged Weapons
 - Level 1.5 Dodging
 - Level 1.5 Stealth


You had 5 spell levels left.
You didn't know any spells.
Your spell library was empty.

Inventory:

Hand Weapons
 Y - a +0 orcbow (weapon)
Armour
 c - a +0 leather armour
 g - a +0 robe of fire resistance (worn)
Potions
 b - a potion of lignification {unknown}
 e - a potion of curing
 f - a potion of haste {unknown}

Dungeon Overview and Level Annotations

Branches:
Dungeon (4/15)             Temple (0/1) D:4

Altars:

Shops:
D:2 (

Annotations:
D:4 Grinder


Message History

Press: ? - help, Shift-Dir - straight line, f - goblin The splash of poison misses the goblin.
Grinder blinks!
The goblin barely misses you. The goblin hits you with a +0 dagger.
You shoot an arrow. The arrow barely misses the goblin.
The goblin closely misses you. Grinder gestures at you.
Pain shoots through your body! The goblin hits you but does no damage.
2411 ||| DRINKING 2 potions of heal wounds.
You feel much better. The goblin closely misses you.
The goblin hits you with a +0 dagger.
You shoot an arrow. The arrow barely misses the goblin.
The goblin hits you with a +0 dagger. x3
2413 ||| DRINKING potion of heal wounds.
You feel much better. The goblin misses you.
The goblin hits you with a +0 dagger. x2
You shoot an arrow. The arrow barely misses the goblin.
You have got your breath back.
The goblin hits you but does no damage. The goblin hits you with a +0 dagger.
The goblin misses you. Grinder says, "Are you a fish?"
The goblin closely misses you.
The goblin hits you with a +0 dagger. x2
2415 ||| INVOKING Spit Poison.
Aiming: Spit Poison (1% risk of failure)
Press: ? - help, Shift-Dir - straight line, f/p - goblin The splash of poison hits the goblin.
The goblin is severely wounded.
The goblin hits you with a +0 dagger. Grinder hits you!
The goblin closely misses you. The goblin hits you with a +0 dagger.
You shoot an arrow. The arrow hits the goblin!
You kill the goblin!
The goblin hits you but does no damage. The goblin closely misses you.
Grinder gestures at you. You resist with some effort.
You shoot an arrow. The arrow hits Grinder!
Grinder is lightly wounded.
The goblin hits you with a +0 dagger. x2; Grinder blinks!
You shoot an arrow. The arrow barely misses the goblin.
The goblin hits you with a +0 dagger. x2
You die...

############# .
#..[......... ..
#.###.#####.....
#.# #.# .... #.#
#.#### .... #.#
#...%#)## #.#
#..ยค.).# #.#
#g@))#......
##.###g#%## ..5>.
##########...##.#.#
g...
#...............#5#


gg. #.########...####.# .g #.# ##........ . #.# #######.# #.# .# #.# You could
see Grinder and 2 goblins.

Vanquished Creatures
  An ogre (D:3)
  An iguana (D:4)
  Terence (D:3)
  Robin (D:4)
  3 adders
  A worm (D:2)
  A dart slug (D:1)
  4 orcs (D:3)
  2 endoplasms (D:1)
  4 giant cockroaches
  11 goblins
  12 hobgoblins
  7 jackals (D:2)
  2 quokkas
  10 ball pythons
  A bat (D:1)
  4 frilled lizards
  5 kobolds
  8 rats
79 creatures vanquished.

Notes
Turn   | Place    | Note
-------+----------+-------------------------------------------
     0 | D:1      | qw the Naga Hunter began the quest for the Orb.
     0 | D:1      | Reached XP level 1. HP: 19/19 MP: 1/1
     0 | D:1      | 0 ||| qw: Version: 0.2-a-122-gbc61b45
     0 | D:1      | 0 ||| qw: Game counter: 3570
     0 | D:1      | 0 ||| qw: Always use a shield: true
     0 | D:1      | 0 ||| qw: God list: Okawaru
     0 | D:1      | 0 ||| qw: Allow faded altars: false
     0 | D:1      | 0 ||| qw: Do Orc after D:15 true
     0 | D:1      | 0 ||| qw: Do second Lair branch before Depths: true
     0 | D:1      | 0 ||| qw: Lair rune preference: random
     0 | D:1      | 0 ||| qw: Plans: Normal
     0 | D:1      | 0 ||| PLANNING D:1-11
    39 | D:1      | 39 ||| INVOKING Spit Poison.
    50 | D:1      | 50 ||| INVOKING Spit Poison.
    61 | D:1      | 61 ||| INVOKING Spit Poison.
    81 | D:1      | 81 ||| INVOKING Spit Poison.
    97 | D:1      | 97 ||| INVOKING Spit Poison.
    98 | D:1      | Reached skill level 4 in Ranged Weapons
    98 | D:1      | Reached XP level 2. HP: 26/26 MP: 2/2
   102 | D:1      | 102 ||| INVOKING Spit Poison.
   127 | D:1      | 127 ||| INVOKING Spit Poison.
   204 | D:1      | 204 ||| INVOKING Spit Poison.
   224 | D:1      | 224 ||| INVOKING Spit Poison.
   433 | D:1      | 433 ||| INVOKING Spit Poison.
   534 | D:1      | 534 ||| INVOKING Spit Poison.
   572 | D:1      | 572 ||| DROPPING scroll of butterflies.
   664 | D:2      | 664 ||| INVOKING Spit Poison.
   665 | D:2      | Reached XP level 3. HP: 32/32 MP: 3/3
   675 | D:2      | 675 ||| INVOKING Spit Poison.
   681 | D:2      | 681 ||| INVOKING Spit Poison.
   687 | D:2      | 687 ||| INVOKING Spit Poison.
   794 | D:2      | 794 ||| INVOKING Spit Poison.
   836 | D:2      | 836 ||| INVOKING Spit Poison.
   855 | D:2      | Found Wuggeoly's Antique Weapon Emporium.
   862 | D:2      | 862 ||| SHOPLISTING masterwork longbow (287 gold, have
                  | 115).
   862 | D:2      | 862 ||| BUYING orcbow (87 gold).
   862 | D:2      | Bought an orcbow for 87 gold pieces
   862 | D:2      | 862 ||| SWAPPING to +0 orcbow.
   863 | D:2      | 863 ||| DROPPING +0 shortbow.
   910 | D:2      | 910 ||| INVOKING Spit Poison.
   916 | D:2      | 916 ||| INVOKING Spit Poison.
  1032 | D:2      | 1032 ||| INVOKING Spit Poison.
  1080 | D:2      | 1080 ||| INVOKING Spit Poison.
  1084 | D:2      | 1084 ||| INVOKING Spit Poison.
  1126 | D:2      | 1126 ||| INVOKING Spit Poison.
  1132 | D:2      | 1132 ||| INVOKING Spit Poison.
  1137 | D:2      | 1137 ||| INVOKING Spit Poison.
  1205 | D:2      | Found a faded altar of an unknown god.
  1207 | D:2      | 1207 ||| INVOKING Spit Poison.
  1211 | D:2      | 1211 ||| INVOKING Spit Poison.
  1213 | D:2      | Reached skill level 5 in Ranged Weapons
  1213 | D:2      | Reached XP level 4. HP: 29/39 MP: 4/4
  1214 | D:2      | 1214 ||| INVOKING Spit Poison.
  1497 | D:2      | 1497 ||| READING scroll labelled IRRUBRIOLLI.
  1498 | D:2      | 1498 ||| READING scroll labelled NEDIUK XYBASH.
  1499 | D:2      | 1499 ||| READING scroll labelled TEGHUH LOBRUL.
  1500 | D:2      | 1500 ||| DRINKING 2 coppery potions.
  1524 | D:3      | 1524 ||| INVOKING Spit Poison.
  1529 | D:3      | 1529 ||| INVOKING Spit Poison.
  1585 | D:3      | 1585 ||| INVOKING Spit Poison.
  1592 | D:3      | 1592 ||| INVOKING Spit Poison.
  1596 | D:3      | Noticed an ogre
  1597 | D:3      | 1597 ||| INVOKING Spit Poison.
  1601 | D:3      | Killed an ogre
  1602 | D:3      | Reached XP level 5. HP: 50/50 MP: 5/5
  1603 | D:3      | 1603 ||| INVOKING Spit Poison.
  1606 | D:3      | 1606 ||| INVOKING Spit Poison.
  1612 | D:3      | 1612 ||| INVOKING Spit Poison.
  1780 | D:3      | 1780 ||| INVOKING Spit Poison.
  1850 | D:3      | 1850 ||| INVOKING Spit Poison.
  1861 | D:3      | Noticed Terence
  1864 | D:3      | 1864 ||| INVOKING Spit Poison.
  1867 | D:3      | 1867 ||| INVOKING Spit Poison.
  1870 | D:3      | 1870 ||| INVOKING Spit Poison.
  1875 | D:3      | 1875 ||| INVOKING Spit Poison.
  1875 | D:3      | Killed Terence
  2037 | D:3      | 2037 ||| INVOKING Spit Poison.
  2042 | D:3      | 2042 ||| INVOKING Spit Poison.
  2046 | D:3      | 2046 ||| INVOKING Spit Poison.
  2049 | D:3      | 2049 ||| INVOKING Spit Poison.
  2307 | D:3      | 2307 ||| INVOKING Spit Poison.
  2309 | D:3      | 2309 ||| UPGRADING to +0 robe of fire resistance.
  2319 | D:3      | 2319 ||| READING scroll labelled WEOJIE CUDGH.
  2320 | D:3      | 2320 ||| READING scroll labelled LONIFRESUH.
  2321 | D:3      | 2321 ||| READING scroll labelled YSUCHE RINNES.
  2371 | D:4      | Found a staircase to the Ecumenical Temple.
  2372 | D:4      | 2372 ||| PLANNING TEMPLE
  2372 | D:4      | Noticed Grinder
  2374 | D:4      | 2374 ||| INVOKING Spit Poison.
  2380 | D:4      | 2380 ||| INVOKING Spit Poison.
  2382 | D:4      | Reached XP level 6. HP: 52/57 MP: 6/6
  2384 | D:4      | 2384 ||| INVOKING Spit Poison.
  2389 | D:4      | 2389 ||| INVOKING Spit Poison.
  2389 | D:4      | Noticed Robin
  2393 | D:4      | 2393 ||| Stepping ~*~*~tactically~*~*~ (outnumbered).
  2394 | D:4      | 2394 ||| INVOKING Spit Poison.
  2396 | D:4      | 2396 ||| Stepping ~*~*~tactically~*~*~ (outnumbered).
  2398 | D:4      | 2398 ||| INVOKING Spit Poison.
  2403 | D:4      | 2403 ||| INVOKING Spit Poison.
  2408 | D:4      | Killed Robin
  2409 | D:4      | 2409 ||| INVOKING Spit Poison.
  2410 | D:4      | HP: 5/57 [Grinder/nerve-wracking pain (11)]
  2411 | D:4      | 2411 ||| DRINKING 2 potions of heal wounds.
  2413 | D:4      | 2413 ||| DRINKING potion of heal wounds.
  2415 | D:4      | 2415 ||| INVOKING Spit Poison.
  2415 | D:4      | HP: 11/57 [goblin/+0 dagger[Robin] (5)]
  2418 | D:4      | HP: 3/57 [goblin/+0 dagger[Robin] (3)]
  2418 | D:4      | Slain by a goblin

Levels and vault maps discovered:
D:1:      heliophobic_arrival_enchanted_forest, layout_loops_ring
D:2:      layout_loops_cross, serial_shops, shop,
          hellmonk_ecumenical_altar_dog_temple
D:3:      layout_basic, minmay_circle_x, uniq_terence
D:4:      layout_loops_ring, mainiacjoe_overflow_boulevard,
          minmay_overflow_temple_hex, minmay_temple_entry_stoned_glass,
          hangedman_glass_garden, uniq_crazy_yiuf_cottage, uniq_robin,
          uniq_grinder, uniq_duvessa

Skill      XL: |  1  2  3  4 |
---------------+-------------+-----
Ranged Weapons | 4 5 |  5.7
Fighting       | 4 |  4.0
Dodging        | |  1.5
Stealth        | |  1.5

Action                     |  1- 3 |  4- 6 || total
---------------------------+-------+-------++-------
   Fire: Shortbow          |    41 |       ||    41
         Orcbow            |    25 |    87 ||   112
Ability: Spit Poison       |    27 |    29 ||    56
    Use: Scroll            |       |     6 ||     6
         Potion            |       |     3 ||     3
 Armour: Leather armour    |     9 |     7 ||    16
         Robe              |       |    13 ||    13
  Dodge: Dodged            |    23 |    45 ||    68

Table legend:
 A = Non-vault XP
 B = Vault XP
 C = Vault XP percentage of total XP
 D = Non-vault monster count
 E = Vault monster count
 F = Vault count percentage of total count
                 A         B        C        D         E       F
            +---------+---------+-------+---------+---------+-------
      Total |     280 |      92 |  24.7 |      59 |      20 |  25.3
            +---------+---------+-------+---------+---------+-------
        D:1 |      33 |       0 |   0.0 |      19 |       0 |   0.0
        D:2 |      56 |       8 |  12.5 |      18 |       4 |  18.2
        D:3 |     148 |      52 |  26.0 |      19 |       5 |  20.8
        D:4 |      43 |      32 |  42.7 |       3 |      11 |  78.6
            +---------+---------+-------+---------+---------+-------
